 Dungeon Crawl Stone Soup version 0.17-a0-1637-g5d65775 (webtiles) character file.

88 urechis the Magician (level 4, -4/24 HPs)
             Began as a Gargoyle Wizard on Aug 7, 2015.
             Was a Believer of Lugonu.
             Killed by divine providence
             ... invoked by an orc priest
              (14 damage)
             ... on level 4 of the Dungeon.
             The game lasted 00:04:57 (2758 turns).

urechis the Magician (Gargoyle Wizard)              Turns: 2758, Time: 00:04:57

Health: -4/24      AC:  6    Str: 11    XL:     4   Next: 53%
Magic:  10/10      EV: 11    Int: 19    God:    Lugonu [**....]
Gold:   81         SH:  0    Dex:  8    Spells: 4 memorised, 3 levels left

rFire  . . .     SeeInvis .     g - +0 dagger
rCold  . . .     Clarity  .     a - +0 robe
rNeg   + . .     SustAt   .     (no shield)
rPois  ∞         Gourm    .     h - +0 helmet
rElec  +         Spirit   .     (no cloak)
rCorr  .         Warding  .     (no gloves)
rMut   .         Stasis   .     (no boots)
MR     .....                    (no amulet)
Stlth  ++........               (no ring)
                                (no ring)

@: not resistant to hostile enchantments, unstealthy
A: negative energy resistance 1, electricity resistance, unbreathing,
petrification resistance, rot immunity, AC +3
a: Depart the Abyss, Bend Space, Renounce Religion


You were on level 4 of the Dungeon.
You worshipped Lugonu.
Lugonu was pleased with you.
You were near starving.

You visited 1 branch of the dungeon, and saw 4 of its levels.

You collected 81 gold pieces.

Inventory:

Hand weapons
 g - a +0 dagger (weapon)
Armour
 a - a +0 robe (worn)
 b - a +0 hat
 h - a +0 helmet (worn)
Scrolls
 e - 3 scrolls of amnesia {unknown}
 f - 5 scrolls of identify {unknown}
 i - 2 scrolls of magic mapping {unknown}
 n - a scroll of fear {unknown}
 r - a scroll of teleportation {unknown}
 w - 3 scrolls of remove curse {unknown}
Potions
 j - a potion of haste {unknown}
 l - 2 potions of magic {unknown}
 m - a potion of degeneration {unknown}
 p - a potion of invisibility {unknown}
 s - a potion of might {unknown}
 u - 2 potions of poison {unknown}
 v - a potion of resistance {unknown}
 x - a potion of agility {unknown}
Books
 c - a book of Minor Magic

   Spells                             Type                      Level
   a - Magic Dart                     Conjuration                  1
   b - Blink                          Translocation                2
   c - Call Imp                       Summoning                    2
   d - Repel Missiles                 Charms/Air                   2
   e - Slow                           Hexes                        2
   f - Conjure Flame                  Conjuration/Fire             3
   g - Mephitic Cloud                 Conjuration/Poison/Air       3
 q - a book of Conjurations

   Spells                             Type                      Level
   a - Magic Dart                     Conjuration                  1
   b - Searing Ray                    Conjuration                  2
   c - Dazzling Spray                 Conjuration/Hexes            3
   d - Fulminant Prism                Conjuration/Hexes            4
   e - Iskenderun's Mystic Blast      Conjuration                  4
   f - Iskenderun's Battlesphere      Conjuration/Charms           5
Comestibles
 d - 4 bread rations
 k - a beef jerky
 o - a royal jelly
 t - a meat ration


   Skills:
 - Level 1.5 Dodging
 - Level 2.1 Stealth
 + Level 4.0 Spellcasting
 + Level 3.2 Conjurations
   Level 0.8 Summonings
 - Level 0.8 Translocations


You had 3 spell levels left.
You knew the following spells:

 Your Spells              Type           Power        Failure   Level  Hunger
a - Magic Dart            Conj           ###.         4%          1    None
b - Mephitic Cloud        Conj/Pois/Air  #.......     28%         3    ###....
c - Blink                 Tloc           N/A          17%         2    ##.....
d - Repel Missiles        Chrm/Air       #.....       21%         2    ##.....


Dungeon Overview and Level Annotations

Branches:
Dungeon (4/15)
 Temple: D:4-7

Altars:
Ashenzari
Lugonu

Annotations:
D:3 SrHikikomori's ghost, average HuMo


Innate Abilities, Weirdness & Mutations

You are resistant to torment.
Your stone body is resilient (AC +3).
You are immune to poison.
You resist negative energy.
You are resistant to electric shocks.
You can survive without breathing.
You are immune to petrification.
You are immune to rotting.


Message History

The orc priest shouts!
Found a scroll labeled YXZIACU GALUW.
The orc shouts!
You hit the giant newt.
The giant newt is severely wounded.
The giant newt barely misses you.
The orc priest moves out of view.
You miss the giant newt.
The giant newt is severely wounded.
The giant newt barely misses you.
The orc priest mumbles some strange prayers to Beogh against you.
Something smites you!
You hit the giant newt.
You kill the giant newt!
Lugonu accepts your kill. The orc closely misses you.
The worker ant barely misses you.
You barely miss the orc wizard. The worker ant bites you.
The orc priest invokes the aid of Beogh against you.
Something smites you!
Ouch! That really hurt!
You die...

... #.. .. .#
.#######.#
.........# #
#...#.# #.....#
#@o.#.#
....?ooao.(..?.
###..#o.a...#...
#. ........... #
.#....$##..#
..%....## .# #.
###.## #. ..


You could see 2 worker ants, an orc priest, an orc wizard and 3 orcs.

Vanquished Creatures
  Jessica (D:2)
  An adder (D:3)
  A worm (D:2)
  6 goblins
  4 hobgoblins
  6 kobolds
  A quokka (D:3)
  9 bats
  3 giant cockroaches
  4 giant geckos
  6 giant newts
  11 rats
53 creatures vanquished.

Notes
Turn   | Place    | Note
--------------------------------------------------------------
     0 | D:1      | urechis the Gargoyle Wizard began the quest for the Orb.
     0 | D:1      | Reached XP level 1. HP: 10/10 MP: 4/4
   394 | D:1      | Reached XP level 2. HP: 13/15 MP: 1/6
  1047 | D:1      | Reached XP level 3. HP: 13/19 MP: 8/8
  1061 | D:1      | Learned a level 3 spell: Mephitic Cloud
  1064 | D:1      | Learned a level 2 spell: Blink
  1067 | D:1      | Learned a level 2 spell: Repel Missiles
  1821 | D:2      | Noticed Jessica
  1825 | D:2      | Killed Jessica
  1825 | D:2      | Reached XP level 4. HP: 24/24 MP: 4/9
  2240 | D:3      | Reached skill level 4 in Spellcasting
  2262 | D:3      | Found a shattered altar of Ashenzari.
  2290 | D:3      | Noticed SrHikikomori's ghost (average HuMo)
  2702 | D:3      | Found a faded altar to an unknown god.
  2712 | D:3      | Became a worshipper of Lugonu the Unformed
  2712 | D:3      | Acquired Lugonu's first power
  2712 | D:3      | Acquired Lugonu's second power
  2752 | D:3      | You fall through a shaft!
  2758 | D:4      | Killed from afar by an orc priest

Vault maps used:
D:1:      dpeg_arrival_prison
D:2:      uniq_jessica
D:3:      ashenzari_conservatory_becter, ecumenical_altar_1
D:4:      uniq_pikel, uniq_natasha

Action                   |  1- 3 |  4- 6 || total
-------------------------+-------+-------++-------
Melee: Unarmed           |    13 |       ||    13
       Dagger            |    93 |    14 ||   107
 Cast: Magic Dart        |    52 |    25 ||    77
 Stab: Sleeping          |     3 |       ||     3
  Eat: Chunk             |     3 |     1 ||     4
